 Dungeon Crawl Stone Soup version 0.27-a0-1278-g6cbc8dfb29 (webtiles) character file.

Game seed: 8332861773389407704

261 porpoise the Skirmisher (level 5, 0/46 HPs)
             Began as a Demonspawn Chaos Knight on June 12, 2021.
             Was a Plaything of Xom.
             Slain by an ogre (28 damage)
             ... on level 4 of the Dungeon.
             The game lasted 00:09:44 (3790 turns).

porpoise the Skirmisher (Demonspawn Chaos Knight)   Turns: 3790, Time: 00:09:44

Health: 0/46       AC:  8    Str: 13    XL:     5   Next: 96%
Magic:  5/5        EV: 11    Int: 13    God:    Xom [*.....]
Gold:   129        SH:  0    Dex: 13    Spells: 4/4 levels left

rFire    . . .     SeeInvis .   o - +0 spear (chaos)
rCold    . . .     Faith    .   (no shield)
rNeg     . . .     Spirit   .   b - +2 leather armour
rPois    .         Reflect  .   (no helmet)
rElec    .         Harm     .   l - +1 cloak
rCorr    .         Rampage  .   (no gloves)
Will     .....                  c - +0 pair of boots
Stlth    +.........             (no amulet)
HPRegen  0.15/turn              i - ring of wizardry
MPRegen  0.09/turn              (no ring)

@: no status effects
A: hooves 1, demonic guardian 2
a: Renounce Religion


You were on level 4 of the Dungeon.
You worshipped Xom.
You were a special plaything of Xom.
You visited 1 branch of the dungeon, and saw 4 of its levels.

You collected 129 gold pieces.

Inventory:

Hand Weapons
 a - a +4 quarterstaff of chaos
 o - a +0 spear of chaos (weapon)
Missiles
 d - 67 stones
 f - 54 arrows
 n - 10 poisoned darts (quivered)
Armour
 b - a +2 leather armour (worn)
 c - a +0 pair of boots (worn)
 l - a +1 cloak (worn)
 r - a +0 chain mail
Jewellery
 h - a ring of poison resistance
 i - a ring of wizardry (left hand)
 s - an amulet of faith
Scrolls
 g - 5 scrolls of blinking
 j - a scroll of teleportation
Potions
 e - 2 potions of brilliance
 k - 3 potions of curing
 m - a potion of lignification {unknown}
 p - a potion of flight {unknown}


   Skills:
 * Level 5.8 Fighting
 + Level 4.0 Polearms
 - Level 1.8 Armour
 - Level 0.8 Dodging


You had 4 spell levels left.
You didn't know any spells.
Your spell library was empty.

Dungeon Overview and Level Annotations

Branches:
Dungeon (4/15)
 Temple: D:4-7

Altars:
Xom


Innate Abilities, Weirdness & Mutations

You have large cloven feet.
A demonic guardian rushes to your aid.


Message History

You see here a +0 mace.
You see here a +0 mace.
A ball python is nearby!
Found 12 gold pieces.
An ogre comes into view. It is wielding a +0 giant club.
The ogre shouts!
You hit the ball python.
You kill the ball python!
Throw: 14 darts (poison)
Press: ? - help, Q - select action, (/) - cycle Shift-Dir - straight line, f - ogre
Aim: an ogre, wielding a +0 giant club (74% to hit)
You throw a poisoned dart.
The poisoned dart barely misses the ogre.
Throw: 13 darts (poison)
Press: ? - help, Q - select action, (/) - cycle Shift-Dir - straight line, f/p - ogre
Aim: an ogre, wielding a +0 giant club (74% to hit)
You throw a poisoned dart. The poisoned dart hits the ogre.
Throw: 12 darts (poison)
Press: ? - help, Q - select action, (/) - cycle Shift-Dir - straight line, f/p - ogre
Aim: an ogre, wielding a +0 giant club (74% to hit)
You throw a poisoned dart.
The poisoned dart barely misses the ogre.
Throw: 11 darts (poison)
Press: ? - help, Q - select action, (/) - cycle Shift-Dir - straight line, f/p - ogre
Aim: an ogre, wielding a +0 giant club (74% to hit)
You throw a poisoned dart.
The poisoned dart closely misses the ogre.
You hit the ogre. You burn the ogre.
The ogre is lightly wounded.
The ogre hits you with a +0 giant club!!
A shower of butterflies erupts from you!
A demonic guardian appears!
You hit the ogre. You burn the ogre.
The ogre is moderately wounded.
You hit the ogre. You drain the ogre.
The ogre is severely wounded.
The ogre hits you with a +0 giant club!!
Ouch! That really hurt!
You die... "I guess I need a new plaything now."

..##..............#
####.............[#
♣♣##### #...........####
.)))..###.....#.........
))))).........#........(
))))..###.....#.......$(
♣)))).##............(...
♣♣##..##........b.......
#..##........@O..b...
#..###.....#.4b......
####..# ##+####.........
......# #.# #.........
####### #.# #.........
#.# #...[..... #.#
########## #<# ###


You could see an ogre (drained, ally target) and a friendly ice devil
(summoned).

Vanquished Creatures
  An orc priest (D:3)
  3 gnolls (D:4)
  6 adders
  A howler monkey skeleton (D:4)
  An adder skeleton (D:4)
  2 dart slugs
  7 orcs
  5 endoplasms
  2 giant cockroaches (D:4)
  4 hobgoblins
  7 jackals
  3 quokkas
  8 ball pythons
  6 bats
  4 frilled lizards
  4 goblins
  5 kobolds
  4 rats
73 creatures vanquished.

Vanquished Creatures (collateral kills)
  An orc priest (D:4)
  Crazy Yiuf (D:4)
  A gnoll (D:4)
  A dart slug (D:4)
  An endoplasm (D:4)
5 creatures vanquished.

Vanquished Creatures (others)
  2 goblins (D:1)
2 creatures vanquished.

Grand Total: 80 creatures vanquished

Notes
Turn   | Place    | Note
-------+----------+-------------------------------------------
     0 | D:1      | porpoise the Demonspawn Chaos Knight began the quest for
                  | the Orb.
     0 | D:1      | Reached XP level 1. HP: 18/18 MP: 1/1
   297 | D:1      | XOM: silly message
   298 | D:1      | Gained mutation: You have large cloven feet. [demonic
                  | ancestry]
   298 | D:1      | Reached XP level 2. HP: 24/24 MP: 2/2
   380 | D:1      | XOM: 2-stop teleportation journey
   709 | D:1      | XOM: stat loss: -1 Int (12/13)
  1004 | D:2      | Reached XP level 3. HP: 28/30 MP: 3/3
  1148 | D:2      | Reached skill level 4 in Fighting
  1476 | D:2      | XOM: silly message
  1781 | D:3      | Gained mutation: A weak demonic guardian rushes to your
                  | aid. [demonic ancestry]
  1781 | D:3      | Reached XP level 4. HP: 32/38 MP: 4/4
  2708 | D:3      | XOM: potion effect (brilliance)
  2717 | D:3      | Reached skill level 5 in Fighting
  2717 | D:3      | Gained mutation: A demonic guardian rushes to your aid.
                  | [demonic ancestry]
  2717 | D:3      | Reached XP level 5. HP: 38/44 MP: 5/5
  2926 | D:3      | XOM: cloud trail
  3192 | D:4      | Found a shimmering altar of Xom.
  3217 | D:4      | XOM: potion effect (berserk rage)
  3574 | D:4      | Found a runed translucent door.
  3575 | D:4      | Noticed Crazy Yiuf
  3584 | D:4      | HP: 2/46 [Crazy Yiuf (10)]
  3585 | D:4      | Killed Crazy Yiuf
  3782 | D:4      | Noticed an ogre
  3788 | D:4      | XOM: butterfly on damage
  3790 | D:4      | Slain by an ogre

Illustrated notes

Levels and vault maps discovered:
D:1:      lightli_arrival_maybe_door_vault, layout_basic, minmay_misc_feat_alley
D:2:      layout_loops_ring, chequers_serial_rivers_small_b
D:3:      layout_loops_corners
D:4:      layout_basic, lemuel_doored_altar, minmay_misc_feat_more_columns,
          grunt_ministairs_14, uniq_eustachio, uniq_crazy_yiuf_cottage,
          uniq_pikel, uniq_edmund

Skill      XL: |  1  2  3  4  5 |
---------------+----------------+-----
Polearms       | 3 4 |  4.0
Fighting       | 4 5 |  5.8
Armour         | |  1.8
Dodging        | |  0.8

Action                   |  1- 3 |  4- 6 || total
-------------------------+-------+-------++-------
Melee: Spear             |   119 |   112 ||   231
Throw: Dart              |       |     4 ||     4
  Use: Scroll            |       |     7 ||     7
       Potion            |       |     1 ||     1
Armor: Leather armour    |    25 |    21 ||    46
Dodge: Dodged            |    41 |    42 ||    83

Table legend: (Time is in decaauts)
 A = Elapsed time spent in this place.
 B = Non-inter-level travel time spent in this place.
 C = Inter-level travel time spent in this place.
 D = Time resting spent in this place.
 E = Time spent auto-exploring this place.
 F = Levels seen in this place.
 G = Mean time per level.
                   A        B        C        D        E       F      G
               +--------+--------+--------+--------+--------+-----+--------+
         Total |   3788 |   3704 |     84 |    989 |   2171 |   4 |  947.0 |
       Dungeon |   3788 |   3704 |     84 |    989 |   2171 |   4 |  947.0 |
               +--------+--------+--------+--------+--------+-----+--------+

Top non-repeatable levels by time:
     D:3: 1309 daAuts
     D:2: 903 daAuts
     D:1: 860 daAuts
     D:4: 715 daAuts
